 Dungeon Crawl Stone Soup version 0.29-a0-352-g0917bc69df (webtiles) character file.

Game seed: 1236351739397883708

2063 NinjaNoafa the Vexing (level 9, -1/67 HPs)
             Began as a Gnoll Arcane Marksman on Apr 24, 2022.
             Was an Elder of Fedhas.
             Slain by a killer bee (5 damage)
             ... on level 7 of the Dungeon.
             The game lasted 00:21:15 (7319 turns).

NinjaNoafa the Vexing (Gnoll Arcane Marksman)       Turns: 7319, Time: 00:21:17

Health: -1/67      AC:  8    Str: 11    XL:     9   Next: 25%
Magic:  16/16      EV: 15    Int: 20    God:    Fedhas [****..]
Gold:   373        SH:  0    Dex: 18    Spells: 14/18 levels left

rFire   . . .      SeeInvis .   m - +3 rapier of Durable Watchfulness {spect, *Noise rElec Will++ Dex-4}
rCold   + + .      Faith    .   (no shield)
rNeg    . . .      Spirit   .   g - +0 robe of Bursted Amelioration {Int+3}
rPois   .          Reflect  .   u - +1 hat
rElec   +          Harm     .   e - +2 cloak
rCorr   .          Rampage  .   s - +1 pair of gloves
Will    ++...                   (no boots)
Stlth   ++++......              (no amulet)
HPRegen 0.21/turn               v - +6 ring of dexterity
MPRegen 0.15/turn               x - ring "Inlol" {Ice Int+3 Stlth+}

@: lethally poisoned (-1 -> -6)
A: fangs 1, strong nose, distributed training, cold resistance 1, fire
resistance 1, strong 1
a: Renounce Religion, Wall of Briars, Grow Ballistomycete, Overgrow


You were on level 7 of the Dungeon.
You worshipped Fedhas.
Fedhas was greatly pleased with you.
You visited 2 branches of the dungeon, and saw 8 of its levels.
You also visited: Sewer.

You collected 373 gold pieces.

Inventory:

Hand Weapons
 a - a +2 hunting sling
 m - the +3 rapier of Durable Watchfulness (weapon) {spect, *Noise rElec Will++ Dex-4}
   (You found it on level 4 of the Dungeon)

   When its wielder attacks, the weapon's spirit leaps out and strikes again.
   The spirit shares a part of any damage it takes with its wielder.
   Dex:       It affects your dexterity (-4).
   rElec:     It insulates you from electricity.
   *Noise:    It may make noises in combat.
   Will:      It greatly increases your willpower.
 n - a +4 quarterstaff of chaos
 o - a +0 falchion of holy wrath
 q - a +2 dagger of freezing
Missiles
 f - 18 boomerangs
 h - 13 poisoned darts
 l - a throwing net
Armour
 e - a +2 cloak (worn)
 g - the +0 robe of Bursted Amelioration (worn) {Int+3}
   (You found it on level 3 of the Dungeon)

   Int:       It affects your intelligence (+3).
 j - the +0 scale mail "Ninif" {Fly rPois}
   (You found it on level 3 of the Dungeon)

   rPois:     It protects you from poison.
   Fly:       It grants you flight.
 p - a +0 helmet
 s - a +1 pair of gloves (worn)
 u - a +1 hat (worn)
Jewellery
 d - a +4 ring of protection
 k - a ring of positive energy
 v - a +6 ring of dexterity (left hand)
 x - the ring "Inlol" (right hand) {Ice Int+3 Stlth+}
   (You found it on level 5 of the Dungeon)

   [ring of ice]

   It enhances your ice magic.
   Int:       It affects your intelligence (+3).
   rF:        It makes you vulnerable to fire.
   rC:        It protects you from cold.
   Stlth:     It makes you more stealthy.
 D - an amulet of the acrobat
Wands
 y - a wand of paralysis (9)
 F - a wand of polymorph (9)
Scrolls
 b - 2 scrolls of fear
 c - 2 scrolls of vulnerability
 i - 2 scrolls of immolation
 r - 2 scrolls of noise
 z - 2 scrolls of identify
 B - a scroll of holy word
Potions
 C - a potion of berserk rage
 E - a potion of invisibility


   Skills:
 + Level 4.9 Fighting
 + Level 4.0 Short Blades
 + Level 4.0 Long Blades
 + Level 4.0 Axes
 + Level 4.0 Maces & Flails
 + Level 4.0 Polearms
 + Level 4.0 Staves
 + Level 6.2 Slings
 + Level 4.0 Bows
 + Level 4.0 Crossbows
 + Level 4.0 Throwing
 + Level 4.0 Armour
 + Level 6.2 Dodging
 + Level 4.0 Stealth
 + Level 4.0 Shields
 + Level 4.0 Unarmed Combat
 + Level 5.0 Spellcasting
 + Level 3.3 Conjurations
 + Level 6.4 Hexes
 + Level 3.3 Summonings
 + Level 3.3 Necromancy
 + Level 3.3 Translocations
 + Level 3.3 Transmutations
 + Level 3.3 Fire Magic
 + Level 3.3 Ice Magic
 + Level 3.3 Air Magic
 + Level 3.3 Earth Magic
 + Level 3.3 Poison Magic
 + Level 4.5 Invocations
 + Level 4.0 Evocations


You had 14 spell levels left.
You knew the following spells:

 Your Spells              Type           Power      Damage    Failure   Level
a - Slow                  Hex            100%       N/A       1%          1
b - Ensorcelled Hibernat  Hex/Ice        74%        N/A       2%          2
c - Beastly Appendage     Tmut           36%        N/A       3%          1

Your spell library contained the following spells:

 Spells                   Type           Power      Damage    Failure   Level
 Passwall                 Tmut/Erth      15%        N/A       4%          2
 Sublimation of Blood     Necr           18%        N/A       4%          2
 Wereblood                Tmut           18%        N/A       4%          2
 Inner Flame              Hex/Fire       24%        N/A       4%          3
 Portal Projectile        Hex/Tloc       48%        N/A       4%          3
 Cause Fear               Hex            15%        N/A       8%          4
 Ignite Poison            Fire/Tmut/Pois 18%        N/A       9%          3
 Mephitic Cloud           Conj/Pois/Air  18%        N/A       9%          3
 Spider Form              Tmut/Pois      18%        N/A       9%          3
 Swiftness                Air            18%        N/A       9%          3
 Petrify                  Tmut/Erth      18%        N/A       28%         4
 Freezing Cloud           Conj/Ice/Air   13%        6-21      63%         5
 Irradiate                Conj/Tmut      9%         3d16      63%         5


Dungeon Overview and Level Annotations

Branches:
Dungeon (7/15)             Temple (1/1) D:5           Sewer (visited)

Altars:
Cheibriados
Dithmenos
Elyvilon
Fedhas
Gozag
Hepliaklqana
Kikubaaqudgha
Makhleb
Nemelex Xobeh
Okawaru
Qazlal
Ru
Sif Muna
Trog
Uskayaw
Vehumet
Wu Jian
Xom
Yredelemnul
Zin
The Shining One


Innate Abilities, Weirdness & Mutations

You have very sharp teeth.
Your uncanny sense of smell can sniff out nearby items.
Your experience applies equally to all skills.
Your flesh is cold resistant. (rC+)
Your flesh is heat resistant. (rF+)
Your muscles are strong. (Str +2)


Message History

You feel a bond with the +3 rapier of Durable Watchfulness {spect, *Noise rElec Will++ Dex-4}.
m - the +3 rapier of Durable Watchfulness (weapon)
{spect, *Noise rElec Will++ Dex-4} The wyvern bites you.
The killer bee barely misses you.
You hit the killer bee. Your bite misses the killer bee.
The killer bee is lightly wounded.
Your +3 rapier of Durable Watchfulness {spect, *Noise rElec Will++ Dex-4} misses the killer bee.
The killer bee barely misses you. The wyvern bites you.
The killer bee stings you but does no damage.
The wyvern bites you but does no damage.
You hit the killer bee.
The killer bee is heavily wounded.
Your +3 rapier of Durable Watchfulness {spect, *Noise rElec Will++ Dex-4} misses the killer bee.
The killer bee barely misses you. The wyvern closely misses you.
The killer bee stings you but does no damage.
You start putting on your amulet.
You continue putting on your amulet of the acrobat.
The wyvern bites you.
Keep equipping yourself?
The killer bee stings you. The wyvern barely misses you.
You continue putting on your amulet of the acrobat.
The killer bee stings you but does no damage.
The killer bee stings you. The wyvern barely misses you.
The killer bee stings you but does no damage.
The killer bee stings you.
You are poisoned.
The killer bee poisons you!
You continue putting on your amulet of the acrobat.
You feel very sick. The killer bee closely misses you.
The killer bee completely misses you. The wyvern misses you.
The killer bee stings you but does no damage.
The killer bee barely misses you. The wyvern misses you.
You continue putting on your amulet of the acrobat.
You feel sick.
The killer bee stings you but does no damage. x2
The wyvern bites you!
* * * LOW HITPOINT WARNING * * *
The killer bee stings you.
You die...
Fedhas appreciates your contribution to the ecosystem.

∆ #####
#.yy# #@#
#l#
#...yy...y.y
+...........
#...........
#...........
######..(...
......
......


You could see a wyvern and 4 killer bees.

Vanquished Creatures
  A gargoyle (D:6)
  The ghost of croobank the Firebug, a novice OpFE (D:3)
  2 black bears
  An ogre (D:6)
  The ghost of Psyclone the Chiller, an amateur OpIE (D:3)
  2 bullfrogs (D:6)
  The ghost of NateTC the Vandal, an amateur SpAM (D:3)
  2 scorpions
  5 jellies
  Crazy Yiuf (D:2)
  3 orc priests (D:5)
  2 hounds
  6 orc wizards (D:5)
  An iguana (D:4)
  9 adders
  8 gnolls (D:5)
  3 river rats
  2 ufetubi (D:6)
  2 worms (D:3)
  2 dart slugs
  12 orcs (D:5)
  8 bats
  15 endoplasms
  6 giant cockroaches
  12 goblins
  10 hobgoblins
  3 jackals
  9 kobolds
  9 quokkas
  9 ball pythons
  8 frilled lizards
  7 rats
163 creatures vanquished.

Vanquished Creatures (collateral kills)
  Robin (D:2)
  2 goblins (D:2)
  A hobgoblin (D:2)
4 creatures vanquished.

Vanquished Creatures (others)
  3 withered plants (D:3)
3 creatures vanquished.

Grand Total: 170 creatures vanquished

Notes
Turn   | Place    | Note
-------+----------+-------------------------------------------
     0 | D:1      | NinjaNoafa the Gnoll Arcane Marksman began the quest for
                  | the Orb.
     0 | D:1      | Reached XP level 1. HP: 17/17 MP: 4/4
   180 | D:1      | Reached XP level 2. HP: 23/23 MP: 5/5
   231 | D:1      | Found a faded altar of an unknown god.
   253 | D:1      | Prayed at the altar of an unknown god.
   253 | D:1      | Became a worshipper of Fedhas Madash
   253 | D:1      | Reached * piety under Fedhas
   554 | D:2      | Reached XP level 3. HP: 28/28 MP: 7/7
   722 | D:2      | Found a basalt altar of Yredelemnul.
   730 | D:2      | Reached skill level 1 in Invocations
   888 | D:2      | Reached ** piety under Fedhas
   933 | D:2      | Noticed Robin
   940 | D:2      | Reached skill level 1 in Short Blades
   940 | D:2      | Reached skill level 1 in Long Blades
   940 | D:2      | Reached skill level 1 in Axes
   940 | D:2      | Reached skill level 1 in Maces & Flails
   940 | D:2      | Reached skill level 1 in Polearms
   940 | D:2      | Reached skill level 1 in Staves
   940 | D:2      | Reached skill level 1 in Bows
   940 | D:2      | Reached skill level 1 in Crossbows
   940 | D:2      | Reached skill level 1 in Throwing
   940 | D:2      | Reached skill level 1 in Armour
   940 | D:2      | Reached skill level 1 in Stealth
   940 | D:2      | Reached skill level 1 in Shields
   940 | D:2      | Reached skill level 1 in Unarmed Combat
   940 | D:2      | Reached skill level 1 in Evocations
   944 | D:2      | Killed Robin
   945 | D:2      | Reached XP level 4. HP: 25/34 MP: 4/8
  1360 | D:2      | Found a runed translucent door.
  1361 | D:2      | Noticed Crazy Yiuf
  1447 | D:2      | Reached skill level 1 in Conjurations
  1447 | D:2      | Reached skill level 1 in Summonings
  1447 | D:2      | Reached skill level 1 in Necromancy
  1447 | D:2      | Reached skill level 1 in Translocations
  1447 | D:2      | Reached skill level 1 in Transmutations
  1447 | D:2      | Reached skill level 1 in Fire Magic
  1447 | D:2      | Reached skill level 1 in Ice Magic
  1447 | D:2      | Reached skill level 1 in Air Magic
  1447 | D:2      | Reached skill level 1 in Earth Magic
  1447 | D:2      | Reached skill level 1 in Poison Magic
  1670 | D:3      | Identified the +0 robe of Bursted Amelioration {Int+3}
  1871 | D:3      | Identified the +0 scale mail "Ninif" {Fly rPois}
  1910 | D:3      | Reached XP level 5. HP: 40/40 MP: 9/9
  2207 | D:3      | Found a glowing drain.
  2213 | D:3      | Gained mutation: You passively map a small area around you.
                  | [potion of mutation]
  2213 | D:3      | Gained mutation: You have large cloven feet. [potion of
                  | mutation]
  2213 | D:3      | Gained mutation: You have hoof-like feet. [potion of
                  | mutation]
  2225 | Sewer    | Entered a sewer
  2404 | Sewer    | Reached *** piety under Fedhas
  2438 | Sewer    | Learned a level 2 spell: Ensorcelled Hibernation
  2584 | Sewer    | Reached XP level 6. HP: 46/47 MP: 10/10
  2611 | Sewer    | Lost mutation: You passively map a small area around you.
                  | [potion of mutation]
  2611 | Sewer    | Lost mutation: You have hoof-like feet. [potion of
                  | mutation]
  2611 | Sewer    | Lost mutation: You have large cloven feet. [potion of
                  | mutation]
  2611 | Sewer    | Gained mutation: Your flesh is cold resistant. (rC+)
                  | [potion of mutation]
  2611 | Sewer    | Gained mutation: Your flesh is heat resistant. (rF+)
                  | [potion of mutation]
  2611 | Sewer    | Gained mutation: Your muscles are strong. (Str +2) [potion
                  | of mutation]
  2640 | Sewer    | Reached skill level 5 in Slings
  2640 | Sewer    | Reached skill level 5 in Dodging
  2700 | Sewer    | Found a viscous altar of Jiyva.
  3000 | D:3      | Found a runed translucent gate.
  3001 | D:3      | Found a runed translucent gate.
  3003 | D:3      | Found a runed translucent gate.
  3005 | D:3      | Noticed Psyclone's ghost (amateur OpIE)
  3005 | D:3      | Noticed NateTC's ghost (amateur SpAM)
  3005 | D:3      | Noticed croobank's ghost (novice OpFE)
  3278 | D:3      | Killed Psyclone's ghost
  3289 | D:3      | Killed croobank's ghost
  3290 | D:3      | Reached XP level 7. HP: 27/53 MP: 12/12
  3302 | D:3      | Killed NateTC's ghost
  3614 | D:4      | Identified the +3 rapier of Durable Watchfulness {spect,
                  | *Noise rElec Will++ Dex-4}
  3876 | D:4      | Reached XP level 8. HP: 58/60 MP: 14/14
  4042 | D:4      | Learned a level 1 spell: Beastly Appendage
  4344 | D:5      | Entered Level 5 of the Dungeon
  4437 | D:2      | Killed Crazy Yiuf
  4903 | D:5      | Identified the ring "Inlol" {Ice Int+3 Stlth+}
  4918 | D:5      | Reached **** piety under Fedhas
  5145 | D:5      | Found a staircase to the Ecumenical Temple.
  5829 | Temple   | Entered the Ecumenical Temple
  6415 | D:6      | Found an iron altar of Okawaru.
  6519 | D:6      | Reached XP level 9. HP: 66/66 MP: 16/16
  6722 | D:6      | Noticed a gargoyle
  6970 | D:6      | Killed a gargoyle
  6971 | D:6      | Reached skill level 5 in Spellcasting
  7319 | D:7      | Slain by a killer bee

Illustrated notes

Levels and vault maps discovered:
D:1:      eino_arrival_water_cross, layout_rooms, shapermc_ecumenical_altar_venn
D:2:      layout_rooms, basic_altar, uniq_robin, uniq_crazy_yiuf_cottage
D:3:      layout_loops_ring, gup_sewer_entry_bubbles, gammafunk_ghost_cemetery,
          minmay_mini_jars
D:4:      layout_basic, minmay_pentomino_pile
D:5:      layout_loops_ring, minmay_temple_entry_butterflies
D:6:      layout_basic, okawaru_gym_becter
D:7:      layout_basic, grunt_ministairs_11, st_stairs_9
Temple:   mainiacjoe_temple_big_plus

Skill      XL: |  1  2  3  4  5  6  7  8  9 |
---------------+----------------------------+-----
Invocations    | 1 2 3 4 |  4.5
Short Blades   | 1 2 3 4 |  4.0
Long Blades    | 1 2 3 4 |  4.0
Axes           | 1 2 3 4 |  4.0
Maces & Flails | 1 2 3 4 |  4.0
Polearms       | 1 2 3 4 |  4.0
Staves         | 1 2 3 4 |  4.0
Bows           | 1 2 3 4 |  4.0
Crossbows      | 1 2 3 4 |  4.0
Throwing       | 1 2 3 4 |  4.0
Armour         | 1 2 3 4 |  4.0
Stealth        | 1 2 3 4 |  4.0
Shields        | 1 2 3 4 |  4.0
Unarmed Combat | 1 2 3 4 |  4.0
Evocations     | 1 2 3 4 |  4.0
Spellcasting   | 3 4 5 |  5.0
Conjurations   | 1 2 3 |  3.3
Summonings     | 1 2 3 |  3.3
Necromancy     | 1 2 3 |  3.3
Translocations | 1 2 3 |  3.3
Transmutations | 1 2 3 |  3.3
Fire Magic     | 1 2 3 |  3.3
Ice Magic      | 1 2 3 |  3.3
Air Magic      | 1 2 3 |  3.3
Earth Magic    | 1 2 3 |  3.3
Poison Magic   | 1 2 3 |  3.3
Fighting       | 3 4 |  4.9
Slings         | 5 6 |  6.2
Dodging        | 5 6 |  6.2
Hexes          | 6 |  6.4

Action                   |  1- 3 |  4- 6 |  7- 9 || total
-------------------------+-------+-------+-------++-------
Melee: Dagger            |    16 |   154 |    11 ||   181
       Bite              |     3 |    10 |    20 ||    33
       Punch             |     1 |     1 |     6 ||     8
       Kick              |       |     7 |     3 ||    10
       Rapier            |       |       |    93 ||    93
       Quarterstaff      |       |       |    15 ||    15
       Headbutt          |       |       |     1 ||     1
 Fire: Hunting sling     |   120 |   110 |   107 ||   337
Throw: Boomerang         |     6 |       |       ||     6
 Cast: Slow              |     3 |     1 |     4 ||     8
       Ensorcelled Hiber |       |       |     4 ||     4
       Beastly Appendage |       |       |     3 ||     3
Invok: Wall of Briars    |     1 |       |       ||     1
Evoke: Wand              |       |       |     1 ||     1
  Use: Scroll            |       |     8 |     8 ||    16
       Potion            |       |    14 |     5 ||    19
 Stab: Invisible         |       |     2 |       ||     2
       Sleeping          |       |       |     5 ||     5
       Paralysed         |       |       |     1 ||     1
Armor: Robe              |    33 |    76 |    61 ||   170
       Skin              |       |     6 |     7 ||    13
Dodge: Dodged            |    55 |   124 |   136 ||   315

Table legend: (Time is in decaauts)
 A = Elapsed time spent in this place.
 B = Non-inter-level travel time spent in this place.
 C = Inter-level travel time spent in this place.
 D = Time resting spent in this place.
 E = Time spent auto-exploring this place.
 F = Levels seen in this place.
 G = Mean time per level.
                   A        B        C        D        E       F      G
               +--------+--------+--------+--------+--------+-----+--------+
         Total |   7438 |   7096 |    342 |    309 |   5019 |   9 |  826.4 |
       Dungeon |   6325 |   6048 |    277 |    221 |   4297 |   7 |  903.6 |
        Temple |    455 |    390 |     65 |      0 |    386 |   1 |  455.0 |
         Sewer |    657 |    657 |      0 |     88 |    336 |   1 |  657.0 |
               +--------+--------+--------+--------+--------+-----+--------+

Top non-repeatable levels by time:
     D:3: 1402 daAuts
     D:5: 1306 daAuts
     D:2: 1225 daAuts
     D:6: 1008 daAuts
     D:4: 795 daAuts
   Sewer: 657 daAuts
     D:1: 573 daAuts
  Temple: 455 daAuts
     D:7: 13 daAuts
